[Event "Titled Tuesday Blitz April 05 Early 2022"]
[White "Mkrtchyan, Mariam"]
[Black "Araujo Filho, Luiz Antonio Coel"]
[WhiteFideId "13310828"]
[BlackFideId "2130661"]
[WhiteElo "1984"]
[BlackElo "2254"]
[Result "1-0"]
[Round "04"]
[TimeControl "180+1"]
[Date "2022.04.05"]
[WhiteClock "0:02:04"]
[BlackClock "0:00:03"]

1. Nf3 f5 2. g3 Nf6 3. Bg2 g6 4. O-O Bg7 5. c4 O-O 6. Nc3 d6 7. d4 Nc6 8. d5 Na5 9. Nd2 c5 10. dxc6 Nxc6 11. Rb1 Rb8 12. b3 e5 13. Bb2 Nd4 14. e3 Ne6 15. Qe2 Bd7 16. Rfd1 Bc6 17. h3 Bxg2 18. Kxg2 Qe7 19. Ba3 Nc5 20. b4 Ne6 21. Nb3 a6 22. b5 Rbd8 23. Rb2 g5 24. Rbd2 Ne8 25. c5 dxc5 26. Rxd8 Nxd8 27. Bxc5 Qc7 28. Bxf8 Bxf8 29. Qd3 Ne6 30. Nd5 1-0


[Site "https://www.chess.com"]

[Event "Titled Tuesday Blitz April 05 Early 2022"]
[White "Narayanan, Srinath"]
[Black "Lehtosaari, Mauri"]
[WhiteFideId "5018420"]
[BlackFideId "501999"]
[WhiteElo "2472"]
[BlackElo "2555"]
[Result "1-0"]
[Round "04"]
[TimeControl "180+1"]
[Date "2022.04.05"]
[WhiteClock "0:01:15"]
[BlackClock "0:00:07"]

1. Nf3 d5 2. e3 Nf6 3. c4 c6 4. Nc3 a6 5. d4 b5 6. cxd5 cxd5 7. Bd3 Bg4 8. h3 Bh5 9. a4 b4 10. Ne2 Bxf3 11. gxf3 e6 12. a5 Nc6 13. Qa4 Qd7 14. Bd2 Bd6 15. Rc1 Ne7 16. Qxd7+ Kxd7 17. e4 e5 18. b3 Nc6 19. exd5 Nxd4 20. Nxd4 exd4 21. Rc6 g6 22. Bf4 Bxf4 23. Rxf6 Rhe8+ 24. Kd1 Rac8 25. Rxf4 Rc3 26. Bxa6 Rxb3 27. Bb5+ Kd6 28. Bxe8 Rb1+ 29. Kc2 Rxh1 30. Rxd4 Kc5 31. d6 Kxd4 32. d7 b3+ 33. Kb2 1-0


[Site "https://www.chess.com"]

[Event "Titled Tuesday Blitz April 05 Early 2022"]
[White "Nguyen Hong Nhung"]
[Black "De Souza, Cristiano Gomes"]
[WhiteFideId "12412201"]
[BlackFideId "2151758"]
[WhiteElo "1758"]
[BlackElo "2068"]
[Result "0-1"]
[Round "04"]
[TimeControl "180+1"]
[Date "2022.04.05"]
[WhiteClock "0:01:44"]
[BlackClock "0:01:49"]

1. e4 c5 2. Nc3 d6 3. f4 a6 4. a4 g6 5. Nf3 Nc6 6. Bc4 Bg7 7. O-O e6 8. d3 Nge7 9. Qe1 d5 10. Ba2 dxe4 11. dxe4 Nd4 12. Nxd4 cxd4 13. Ne2 Nc6 14. Ng3 O-O 15. f5 exf5 16. exf5 Qh4 17. Rf4 Qf6 18. fxg6 Qxg6 19. Nf5 Bxf5 20. Bd2 Rae8 21. Qf1 Be6 22. Bxe6 fxe6 23. Re1 Rxf4 24. Qxf4 Rf8 25. Qc7 Qxc2 26. Bf4 e5 27. Bg3 d3 28. Qd7 d2 29. Ra1 d1=Q+ 0-1


[Site "https://www.chess.com"]

[Event "Titled Tuesday Blitz April 05 Early 2022"]
[White "Niyazgulova, Marina"]
[Black "Ivanov, Mike"]
[WhiteFideId "24142573"]
[BlackFideId "2613158"]
[WhiteElo "2046"]
[BlackElo "2182"]
[Result "1-0"]
[Round "04"]
[TimeControl "180+1"]
[Date "2022.04.05"]
[WhiteClock "0:00:20"]
[BlackClock "0:00:04"]

1. d4 Nf6 2. c4 e6 3. Nc3 Bb4 4. Qc2 O-O 5. Bg5 h6 6. Bxf6 Qxf6 7. Nf3 c5 8. e3 Nc6 9. Rd1 cxd4 10. Nxd4 Nxd4 11. Rxd4 d6 12. Be2 Bd7 13. O-O Bc6 14. Ne4 Bxe4 15. Rxe4 e5 16. a3 Bc5 17. b4 Bb6 18. Rd1 Rac8 19. Rg4 Rfd8 20. Bf3 Qe6 21. Qe2 Qe7 22. Bd5 Rc7 23. Rg3 Qf6 24. Qg4 Kf8 25. Rf3 Qg5 26. Qe6 Rdd7 27. Rf5 Qe7 28. Qg6 Kg8 29. Rxf7 Qxf7 30. Bxf7+ Rxf7 31. Rxd6 Rxc4 32. g3 Rc1+ 33. Kg2 Ra1 34. Re6 1-0


[Site "https://www.chess.com"]

[Event "Titled Tuesday Blitz April 05 Early 2022"]
[White "Onslow, Alfie"]
[Black "Alinasab, Mobina"]
[WhiteFideId "436976"]
[BlackFideId "12528897"]
[WhiteElo "1884"]
[BlackElo "2031"]
[Result "0-1"]
[Round "04"]
[TimeControl "180+1"]
[Date "2022.04.05"]
[WhiteClock "0:00:02"]
[BlackClock "0:00:11"]

1. Nf3 Nf6 2. c4 e6 3. b3 d5 4. Bb2 Be7 5. e3 b6 6. Be2 Bb7 7. g4 dxc4 8. bxc4 O-O 9. d3 c5 10. h4 Nbd7 11. g5 Ne8 12. Nbd2 Nd6 13. Rg1 Re8 14. h5 Bf8 15. g6 h6 16. gxf7+ Nxf7 17. e4 e5 18. Bf1 Nf6 19. Nb1 Nxh5 20. Nc3 Nf4 21. Nd5 Bxd5 22. cxd5 c4 23. dxc4 Bb4+ 24. Nd2 Qh4 25. Rg3 Ng5 26. Bc3 Bc5 27. Qc2 Nh5 28. Rg2 Rf8 29. O-O-O Nf4 30. Rg1 Bxf2 31. Rh1 Qxh1 32. Bxe5 Qh5 33. c5 Bxc5 34. d6 Rad8 35. Bc4+ Kh8 36. Qc3 Qg6 37. Rg1 Bxg1 38. Nf1 Bc5 39. Ng3 Nfe6 40. Nf5 Rxf5 41. exf5 Qxf5 42. Bxe6 Nxe6 0-1


[Site "https://www.chess.com"]

[Event "Titled Tuesday Blitz April 05 Early 2022"]
[White "Pajeken, Jakob Leon"]
[Black "Cagara, Paulina"]
[WhiteFideId "12942839"]
[BlackFideId "1124870"]
[WhiteElo "2351"]
[BlackElo "1780"]
[Result "1-0"]
[Round "04"]
[TimeControl "180+1"]
[Date "2022.04.05"]
[WhiteClock "0:00:18"]
[BlackClock "0:00:10"]

1. d4 f5 2. Nf3 Nf6 3. g3 g6 4. Bg2 Bg7 5. O-O d6 6. b3 O-O 7. Bb2 Qe8 8. Nbd2 Nbd7 9. c4 e5 10. dxe5 dxe5 11. e4 f4 12. Qe2 c5 13. Nb1 h6 14. h4 Ng4 15. Nc3 Ndf6 16. Nd5 Nxd5 17. cxd5 Qe7 18. Rad1 Qd6 19. Nd2 b5 20. Bh3 h5 21. a4 a6 22. gxf4 Rxf4 23. f3 Nf6 24. Bxc8 Rxc8 25. axb5 axb5 26. Qxb5 Rxh4 27. Nc4 Qd7 28. Qxd7 Nxd7 29. Bc1 Bf6 30. Kg2 g5 31. Be3 Kg7 32. Bf2 Rf4 33. Bg3 Kh6 34. Bxf4 gxf4 35. Rh1 Rb8 36. Rd3 Ra8 37. Rb1 Rg8+ 38. Kh2 Bh4 39. d6 Bg3+ 40. Kh3 Kg5 41. Rd5 Re8 42. Ra1 Kf6 43. Ra7 Ke6 44. Nxe5 Nxe5 45. d7 Nxd7 46. Raxd7 Ra8 47. R7d6+ Ke7 48. Rh6 Ra1 49. Rxc5 Ra2 50. Rhxh5 Rh2+ 51. Kg4 Rg2 52. Kf5 Rb2 53. Re5+ Kd6 54. Rh6+ Kd7 55. Ra5 Rxb3 56. Ra7+ Kc8 57. Rh8# 1-0


[Site "https://www.chess.com"]

[Event "Titled Tuesday Blitz April 05 Early 2022"]
[White "Papasimakopoulos, Alexandros"]
[Black "Dixit, Nikhil"]
[WhiteFideId "4244125"]
[BlackFideId "5059534"]
[WhiteElo "2340"]
[BlackElo "2223"]
[Result "0-1"]
[Round "04"]
[TimeControl "180+1"]
[Date "2022.04.05"]
[WhiteClock "0:00:52"]
[BlackClock "0:01:20"]

1. d4 Nf6 2. c4 g6 3. Nc3 Bg7 4. e4 d6 5. f3 O-O 6. Nge2 c5 7. d5 e6 8. Ng3 exd5 9. cxd5 Na6 10. Be2 Nc7 11. O-O Rb8 12. a4 b6 13. f4 a6 14. e5 dxe5 15. fxe5 Nfxd5 16. Nce4 Bxe5 17. Bg5 f6 18. Bh6 Rf7 19. Bc4 Be6 20. Qe2 Qd7 21. Rad1 Re8 22. b3 Bd4+ 23. Kh1 Bg4 24. Qd3 Bxd1 25. Qxd1 b5 26. axb5 axb5 27. Bd3 f5 28. Ng5 Rfe7 29. Nxf5 gxf5 30. Bxf5 Qxf5 31. Rxf5 Re1+ 32. Rf1 Rxd1 33. Rxd1 Ne3 34. Rc1 Nf5 35. Nf3 Nxh6 36. Nxd4 cxd4 37. Rxc7 Rd8 38. Kg1 d3 39. Rd7 Rxd7 0-1


[Site "https://www.chess.com"]

[Event "Titled Tuesday Blitz April 05 Early 2022"]
[White "Pesotskiy, Mikhail"]
[Black "Pischal, Yulia"]
[WhiteFideId "34164453"]
[BlackFideId "14102390"]
[WhiteElo "2010"]
[BlackElo "1931"]
[Result "1-0"]
[Round "04"]
[TimeControl "180+1"]
[Date "2022.04.05"]
[WhiteClock "0:00:18"]
[BlackClock "0:00:05"]

1. d4 f5 2. c4 Nf6 3. g3 g6 4. Bg2 Bg7 5. Nc3 O-O 6. Nf3 d6 7. O-O Nc6 8. d5 Na5 9. b3 c5 10. Qc2 Bd7 11. Bb2 Qc7 12. e4 fxe4 13. Ng5 Bf5 14. Ncxe4 Qd7 15. Rae1 b5 16. Qc3 Nb7 17. Ne6 Bxe6 18. dxe6 Qe8 19. Ng5 Rb8 20. Nf7 bxc4 21. Qxc4 Qc8 22. Bxb7 Rxb7 23. Nxd6 exd6 24. e7+ d5 25. exf8=Q+ Qxf8 26. Qa6 Rd7 27. Qe6+ Rf7 28. Bxf6 Bxf6 29. Qxd5 Kg7 30. Kg2 Bd4 31. Re2 h5 32. b4 Rf5 33. Qc4 Qa8+ 34. Kg1 Qf3 35. bxc5 Bxc5 36. Qe4 Qxe4 37. Rxe4 Bb6 38. h4 Kf6 39. Kg2 Rd5 40. Rfe1 Rd2 41. R1e2 Rd1 42. Rf4+ Kg7 43. Re7+ Kg8 44. Rfe4 Rd2 45. Re2 Rd1 46. R7e6 Kf7 47. Rc6 Rd5 48. Rcc2 Rf5 49. Re4 Kg7 50. a4 Rd5 51. Ra2 Ra5 52. Rb4 Kf7 53. Rb5 Rxb5 54. axb5 Kf6 55. Re2 Kf5 56. Kf3 Kf6 57. Ke4 g5 58. hxg5+ Kxg5 59. Rc2 h4 60. gxh4+ Kxh4 61. f4 1-0


[Site "https://www.chess.com"]

[Event "Titled Tuesday Blitz April 05 Early 2022"]
[White "Petrova, Irina"]
[Black "Shohat, Yotam"]
[WhiteFideId "14124122"]
[BlackFideId "2813955"]
[WhiteElo "1993"]
[BlackElo "2119"]
[Result "0-1"]
[Round "04"]
[TimeControl "180+1"]
[Date "2022.04.05"]
[WhiteClock "0:00:13"]
[BlackClock "0:00:19"]

1. e4 c5 2. Nf3 Nc6 3. Bb5 Nf6 4. Bxc6 dxc6 5. d3 c4 6. e5 Ng4 7. h3 Nh6 8. Bxh6 gxh6 9. dxc4 Qxd1+ 10. Kxd1 Rg8 11. g3 Bf5 12. Nbd2 h5 13. Nh4 Be6 14. c3 O-O-O 15. Kc2 Bh6 16. Rad1 Bg5 17. f4 Bxh4 18. gxh4 Rg2 19. Kc1 Bf5 20. Rhe1 Rd3 21. a3 Rxh3 22. Rg1 Rxg1 23. Rxg1 Rxh4 24. Rg8+ Kd7 25. Nf3 Rxf4 26. Nd4 c5 27. Nb5 a6 28. Na7 h4 29. Rb8 Kc7 0-1


[Site "https://www.chess.com"]

[Event "Titled Tuesday Blitz April 05 Early 2022"]
[White "Petrovic, Aleksa"]
[Black "Horcajuelo Rocamora, Martin"]
[WhiteFideId "967629"]
[BlackFideId "24573027"]
[WhiteElo "2198"]
[BlackElo "1822"]
[Result "1/2-1/2"]
[Round "04"]
[TimeControl "180+1"]
[Date "2022.04.05"]
[WhiteClock "0:00:11"]
[BlackClock "0:00:25"]

1. Nf3 Nf6 2. c4 c5 3. Nc3 d5 4. cxd5 Nxd5 5. d4 cxd4 6. Nxd5 Qxd5 7. Qxd4 Qxd4 8. Nxd4 Bd7 9. g3 e5 10. Nb3 Bc6 11. f3 b6 12. Be3 Nd7 13. Kf2 Nf6 14. Rc1 Ng4+ 15. Ke1 Nxe3 16. Rxc6 Kd7 17. Rc1 Bd6 18. Bh3+ Ke7 19. Kf2 Nd5 20. Rhd1 Nb4 21. a3 Na6 22. Rc6 Rhd8 23. e3 g6 24. Na5 bxa5 25. Rxa6 Bc5 26. Rxd8 Rxd8 27. Ke2 Bb6 28. b4 axb4 29. axb4 f5 30. f4 exf4 31. gxf4 Kf6 32. Ra3 Re8 33. Bg2 Kg7 34. Bc6 Re7 35. b5 Kh6 36. Kf3 Kh5 37. Rd3 Kh4 38. e4 fxe4+ 39. Bxe4 Rf7 40. Rd5 Bc7 41. f5 gxf5 42. Rxf5 Rxf5+ 43. Bxf5 Bxh2 44. Bxh7 Bc7 45. Ke4 Bb6 46. Kd5 Kg5 47. Kc6 Kf6 48. Kb7 Ke7 49. Bd3 Kd6 50. Ka6 Kc5 51. Bh7 Kb4 52. Bg8 Ka4 53. Bh7 Kb4 54. Bg8 Ka4 55. Bh7 Kb4 1/2-1/2


[Site "https://www.chess.com"]

[Event "Titled Tuesday Blitz April 05 Early 2022"]
[White "Pham, Tran Gia Phuc"]
[Black "Polster, Christian"]
[WhiteFideId "12415669"]
[BlackFideId "12965081"]
[WhiteElo "1789"]
[BlackElo "2337"]
[Result "1-0"]
[Round "04"]
[TimeControl "180+1"]
[Date "2022.04.05"]
[WhiteClock "0:02:04"]
[BlackClock "0:00:10"]

1. d4 d5 2. Nc3 Nf6 3. Bf4 a6 4. e3 c5 5. Nf3 Nc6 6. dxc5 Bg4 7. Be2 e6 8. O-O Bxc5 9. h3 Bh5 10. Na4 Ba7 11. Ne5 Bxe2 12. Qxe2 Rc8 13. Rad1 O-O 14. c4 Nxe5 15. Bxe5 Rxc4 16. b3 Rc6 17. Qb2 Nd7 18. Bxg7 Re8 19. Bd4 Bb8 20. f4 e5 21. fxe5 Nxe5 22. Qf2 Qg5 23. Nc3 Rg6 24. Nxd5 Ree6 25. Bxe5 Qxe5 26. Qxf7+ Kh8 27. Nf4 Qxe3+ 28. Kh1 Qe5 29. Rd8+ 1-0


[Site "https://www.chess.com"]

[Event "Titled Tuesday Blitz April 05 Early 2022"]
[White "Piesik, Piotr"]
[Black "Tymrakiewicz, Rafal"]
[WhiteFideId "1136194"]
[BlackFideId "1108832"]
[WhiteElo "2190"]
[BlackElo "2205"]
[Result "1-0"]
[Round "04"]
[TimeControl "180+1"]
[Date "2022.04.05"]
[WhiteClock "0:00:24"]
[BlackClock "0:00:01"]

1. Nf3 Nf6 2. g3 g6 3. Bg2 Bg7 4. O-O O-O 5. d4 d6 6. Nbd2 Nc6 7. e4 e5 8. dxe5 Nxe5 9. Nxe5 dxe5 10. Qe2 c6 11. a4 Bg4 12. Bf3 Bh3 13. Rd1 Qc7 14. Nc4 Rfd8 15. Be3 Ne8 16. a5 Be6 17. Rxd8 Qxd8 18. Rd1 Qc7 19. b4 f6 20. Bg4 Qc8 21. Bxe6+ Qxe6 22. c3 Bf8 23. Qd3 a6 24. Nb6 Rb8 25. Qd7 Qxd7 26. Rxd7 Nd6 27. f3 Nb5 28. c4 Nd6 29. Bc5 Nf7 30. Bxf8 Kxf8 31. Kf2 Ke8 32. c5 h5 33. Ke3 Kf8 34. Rc7 Ke8 35. Nc4 Rd8 36. Rxb7 Rd4 37. Nb2 Nd8 38. Rb6 Kd7 39. Nd3 Kc7 40. Rxa6 Kb7 41. Rb6+ Kc7 42. f4 g5 43. fxe5 fxe5 44. Nxe5 Rd1 45. a6 Ra1 46. Nc4 Ne6 47. Rb7+ 1-0


[Site "https://www.chess.com"]

[Event "Titled Tuesday Blitz April 05 Early 2022"]
[White "Piliczewski, Bogusz"]
[Black "Shtyka, Sergey"]
[WhiteFideId "1104144"]
[BlackFideId "4138465"]
[WhiteElo "1896"]
[BlackElo "2014"]
[Result "0-1"]
[Round "04"]
[TimeControl "180+1"]
[Date "2022.04.05"]
[WhiteClock "0:00:06"]
[BlackClock "0:00:14"]

1. d4 c5 2. c3 Nf6 3. Nf3 e6 4. Bf4 Be7 5. e3 O-O 6. h3 Nc6 7. Bd3 h6 8. Nbd2 d6 9. Qe2 b6 10. O-O-O Bb7 11. g4 e5 12. Bh2 cxd4 13. exd4 exd4 14. cxd4 Nb4 15. Kb1 Re8 16. Bb5 Nd7 17. Qc4 a5 18. a3 Rc8 19. Qb3 Bd5 20. Bc4 Bxc4 21. Nxc4 Qc7 22. Rc1 Nd5 23. Nxd6 Bxd6 24. Rxc7 Bxc7 25. Qxd5 Bxh2 26. Nxh2 Nf6 27. Qb3 Ne4 28. Rc1 Nd2+ 29. Ka2 Nxb3 30. Rxc8 Rxc8 31. Kxb3 Kf8 32. Nf3 f6 33. Nd2 b5 34. f4 a4+ 35. Kb4 Rc2 36. Ne4 Rxb2+ 37. Kc5 Rb3 38. Nd6 b4 39. axb4 a3 40. Kc4 Rxh3 41. Nb5 a2 42. Nc7 a1=Q 43. Ne6+ Kg8 44. Nd8 Qa6+ 45. b5 Qc8+ 46. Nc6 Rh1 47. d5 Kh7 48. Kc5 Rc1+ 49. Kd6 Qxg4 50. b6 Qxf4+ 51. Kd7 Rb1 52. Kc8 Rxb6 53. Kd7 Rxc6 54. dxc6 h5 55. c7 Qxc7+ 56. Kxc7 h4 57. Kd6 h3 58. Kd5 h2 59. Kd4 h1=Q 60. Kc4 Qd1 61. Kc5 g6 62. Kc6 Kg7 63. Kc5 Kf7 64. Kc6 f5 65. Kc5 g5 0-1


[Site "https://www.chess.com"]

[Event "Titled Tuesday Blitz April 05 Early 2022"]
[White "Pinheiro, Iung Alicio de O."]
[Black "Kaminski, Victor"]
[WhiteFideId "2104350"]
[BlackFideId "1131630"]
[WhiteElo "2507"]
[BlackElo "2181"]
[Result "1-0"]
[Round "04"]
[TimeControl "180+1"]
[Date "2022.04.05"]
[WhiteClock "0:00:32"]
[BlackClock "0:00:29"]

1. c4 e6 2. g3 d5 3. Bg2 Nf6 4. Nf3 Be7 5. O-O O-O 6. Qc2 c5 7. d4 cxd4 8. Nxd4 Nc6 9. Nxc6 bxc6 10. b3 a5 11. Nc3 Ba6 12. Rd1 Qc8 13. Na4 Rd8 14. Nb6 Qb7 15. Nxa8 Qxa8 16. Bg5 h6 17. Bf4 a4 18. e4 Nxe4 19. Bxe4 dxe4 20. Qxe4 Bf6 21. Rac1 axb3 22. axb3 Rc8 23. Be5 Bg5 24. Rc3 Bb7 25. c5 Ba6 26. h4 Be7 27. Rd7 Bf8 28. Rf3 f5 29. Rxf5 exf5 30. Qxf5 Kh8 31. Qg6 Bd3 32. Bxg7+ Kg8 33. Qf7+ Kh7 34. Bxf8+ 1-0


[Site "https://www.chess.com"]

[Event "Titled Tuesday Blitz April 05 Early 2022"]
[White "Politov, Pavel Y."]
[Black "Sai Agni Jeevitesh, J"]
[WhiteFideId "24110515"]
[BlackFideId "5070147"]
[WhiteElo "2090"]
[BlackElo "2190"]
[Result "0-1"]
[Round "04"]
[TimeControl "180+1"]
[Date "2022.04.05"]
[WhiteClock "0:00:02"]
[BlackClock "0:01:00"]

1. e4 c5 2. Nf3 g6 3. d4 cxd4 4. Nxd4 Nc6 5. c4 Nf6 6. Nc3 Nxd4 7. Qxd4 d6 8. Be2 Bg7 9. Be3 O-O 10. Qd3 Be6 11. O-O Nd7 12. f3 Ne5 13. Qd2 Nxc4 14. Bxc4 Bxc4 15. Rfd1 Qa5 16. Bd4 Rfc8 17. Bxg7 Kxg7 18. Qd4+ Kg8 19. Nd5 Bxd5 20. exd5 Qc5 21. Qxc5 Rxc5 22. Rac1 Rac8 23. Rxc5 Rxc5 24. Rd2 g5 25. Kf2 Kg7 26. g3 Kf6 27. f4 gxf4 28. gxf4 Kf5 29. Ke3 Rc4 30. Rf2 Re4+ 31. Kd3 Rxf4 32. Re2 e6 33. dxe6 fxe6 34. Rg2 Rh4 35. Rg7 Rxh2 36. Rxb7 h5 37. Kc3 Rh3+ 38. Kc2 d5 39. Rxa7 d4 40. Rd7 Ke4 41. a4 Rh2+ 42. Kb3 Rh1 43. a5 Ra1 44. Kb4 d3 45. b3 Ke3 46. Kc3 Rc1+ 47. Kb2 Rc2+ 48. Kb1 Rc6 49. b4 d2 50. b5 Rc5 51. b6 Rxa5 52. b7 Rb5+ 53. Kc2 e5 54. Rxd2 Rxb7 55. Rh2 Rh7 56. Kd1 h4 57. Rh3+ Kf2 58. Kd2 e4 59. Re3 Rd7+ 0-1


[Site "https://www.chess.com"]

[Event "Titled Tuesday Blitz April 05 Early 2022"]
[White "Polok, Kacper"]
[Black "Weetik, Vjacheslav"]
[WhiteFideId "1137158"]
[BlackFideId "4153472"]
[WhiteElo "2224"]
[BlackElo "2469"]
[Result "1-0"]
[Round "04"]
[TimeControl "180+1"]
[Date "2022.04.05"]
[WhiteClock "0:00:46"]
[BlackClock "0:00:02"]

1. e4 c6 2. Nc3 d5 3. Nf3 dxe4 4. Nxe4 Nf6 5. Qe2 Nxe4 6. Qxe4 Nd7 7. Bc4 Nf6 8. Qe2 Bd7 9. O-O g6 10. Ne5 e6 11. d4 Bg7 12. c3 O-O 13. Bg5 h6 14. Bh4 Qe7 15. Rfe1 Rad8 16. Bb3 Bc8 17. Rad1 Qc7 18. Bg3 Qe7 19. Bh4 Qc7 20. Bg3 Qb6 21. Nc4 Qa6 22. Qf3 Nd5 23. h4 h5 24. Ne5 Qb6 25. Nc4 Qa6 26. Be5 f6 27. Bd6 Rfe8 28. Ba3 Bf8 29. Bxf8 Rxf8 30. g4 hxg4 31. Qxg4 Kf7 32. h5 Rg8 33. Kf1 Rg7 34. Rd3 Nb6 35. h6 Rh7 36. Rg3 Rg8 37. Qe2 Nd5 38. Nd6+ Kf8 39. Qxa6 bxa6 40. Nxc8 Rxh6 41. Bxd5 exd5 42. Nxa7 Rgh8 43. Nxc6 g5 44. Rge3 Kf7 45. Ke2 Kg6 46. Ne7+ 1-0


[Site "https://www.chess.com"]

[Event "Titled Tuesday Blitz April 05 Early 2022"]
[White "Postnikov, Daniil"]
[Black "Maximov, Dmitry"]
[WhiteFideId "4166329"]
[BlackFideId "14105659"]
[WhiteElo "2261"]
[BlackElo "2494"]
[Result "0-1"]
[Round "04"]
[TimeControl "180+1"]
[Date "2022.04.05"]
[WhiteClock "0:00:30"]
[BlackClock "0:01:33"]

1. d4 Nf6 2. c4 g6 3. Nc3 Bg7 4. e4 O-O 5. Nf3 d6 6. Be2 e5 7. O-O Nc6 8. d5 Ne7 9. b4 Ne8 10. a4 f5 11. Nd2 Nf6 12. c5 fxe4 13. Ndxe4 Nf5 14. cxd6 cxd6 15. Nxf6+ Bxf6 16. Ne4 Be7 17. b5 Nd4 18. Ba3 Bf5 19. Bd3 Qd7 20. f3 Rac8 21. Rc1 Bxe4 22. Bxe4 Bg5 23. Rxc8 Rxc8 24. Bb2 Nf5 25. Qb3 Qf7 26. a5 Qf8 27. b6 Be3+ 28. Kh1 Ng3+ 29. hxg3 Qh6# 0-1


[Site "https://www.chess.com"]

[Event "Titled Tuesday Blitz April 05 Early 2022"]
[White "Prieto Aranguren, Alain"]
[Black "Taboas Rodriguez, Daniel"]
[WhiteFideId "2268906"]
[BlackFideId "2208466"]
[WhiteElo "2235"]
[BlackElo "2429"]
[Result "0-1"]
[Round "04"]
[TimeControl "180+1"]
[Date "2022.04.05"]
[WhiteClock "0:01:36"]
[BlackClock "0:01:48"]

1. d4 Nf6 2. c4 g6 3. Nc3 Bg7 4. e4 d6 5. Be2 O-O 6. Nf3 e5 7. d5 a5 8. Bg5 h6 9. Bh4 Na6 10. Nd2 Qe8 11. O-O Nh7 12. a3 Bd7 13. b3 f5 14. f3 h5 15. Rb1 Nc5 16. b4 axb4 17. axb4 Na4 18. Nxa4 Bxa4 19. Nb3 Bh6 20. Bf2 Nf6 21. Bd3 fxe4 22. Bxe4 Nxe4 23. fxe4 Qe7 24. c5 Rf4 25. cxd6 cxd6 26. Qd3 Raf8 27. Nd2 Qd7 28. Be3 Bb5 29. Nc4 Bxc4 30. Qxc4 Rxf1+ 0-1


[Site "https://www.chess.com"]

[Event "Titled Tuesday Blitz April 05 Early 2022"]
[White "Prohorov, Olexandr"]
[Black "Maevsky, Nikolay"]
[WhiteFideId "14105578"]
[BlackFideId "4198220"]
[WhiteElo "1993"]
[BlackElo "2126"]
[Result "0-1"]
[Round "04"]
[TimeControl "180+1"]
[Date "2022.04.05"]
[WhiteClock "0:00:01"]
[BlackClock "0:00:29"]

1. Nf3 Nf6 2. d4 d5 3. c4 c6 4. Nc3 dxc4 5. a4 Bf5 6. Nh4 Bd7 7. e4 e6 8. Nf3 b5 9. e5 Nd5 10. Ne4 h6 11. g3 a5 12. Bg2 Na6 13. O-O Nab4 14. Qe2 Qb8 15. Rd1 Be7 16. h4 Nd3 17. Rxd3 cxd3 18. Qxd3 Qb6 19. Bd2 b4 20. Rc1 Rc8 21. Nc5 Bxc5 22. Rxc5 O-O 23. Nh2 Qd8 24. h5 Ra8 25. Ng4 f5 26. exf6 Nxf6 27. Ne5 Be8 28. g4 Nd5 29. g5 hxg5 30. Be4 Qf6 31. f3 Rc8 32. Ng4 Qe7 33. Bh7+ Kh8 34. Ne5 Nf4 35. Qe4 Rf6 36. Rc1 Bxh5 37. Rf1 g6 38. Nxc6 Rxc6 39. Qxc6 Kxh7 40. Bxf4 gxf4 0-1


[Site "https://www.chess.com"]

[Event "Titled Tuesday Blitz April 05 Early 2022"]
[White "Przybylski, Wojciech"]
[Black "Sovetbekova, Nurai"]
[WhiteFideId "1117599"]
[BlackFideId "13801910"]
[WhiteElo "2133"]
[BlackElo "1538"]
[Result "1-0"]
[Round "04"]
[TimeControl "180+1"]
[Date "2022.04.05"]
[WhiteClock "0:00:29"]
[BlackClock "0:00:02"]

1. d4 Nf6 2. Nf3 g6 3. g3 Bg7 4. Bg2 O-O 5. O-O d5 6. Nbd2 c5 7. c3 Nc6 8. Re1 b6 9. dxc5 bxc5 10. Nb3 Qd6 11. Be3 Nd7 12. Nfd2 Bb7 13. Qc2 d4 14. Ne4 Qe5 15. Bf4 Qf5 16. Rac1 dxc3 17. bxc3 c4 18. Nbd2 Nb6 19. Nf3 Ne5 20. Nh4 Qc8 21. Red1 Nd5 22. Bg5 f6 23. Bd2 Rd8 24. h3 Qc7 25. Nf3 Nxf3+ 26. exf3 f5 27. Ng5 1-0


[Site "https://www.chess.com"]

[Event "Titled Tuesday Blitz April 05 Early 2022"]
[White "Rastbod, Ali"]
[Black "Li, Xueyi"]
[WhiteFideId "12567477"]
[BlackFideId "8605912"]
[WhiteElo "2147"]
[BlackElo "2091"]
[Result "1-0"]
[Round "04"]
[TimeControl "180+1"]
[Date "2022.04.05"]
[WhiteClock "0:01:18"]
[BlackClock "0:01:29"]

1. d4 Nf6 2. c4 g6 3. g3 d5 4. cxd5 Nxd5 5. Bg2 Nb6 6. Nf3 Bg7 7. O-O O-O 8. e4 Na6 9. h3 c5 10. d5 e6 11. Nc3 exd5 12. exd5 Nc4 13. Qb3 Nd6 14. Bf4 Nc7 15. Rad1 b6 16. Ne5 Bb7 17. Nc6 Qd7 18. a4 a6 19. Qxb6 Nce8 20. Qxc5 Kh8 21. Rfe1 Bf6 22. Rxe8 1-0


[Site "https://www.chess.com"]

[Event "Titled Tuesday Blitz April 05 Early 2022"]
[White "Rosenberg, Evan S"]
[Black "Fernandez Siles, Luis"]
[WhiteFideId "2019299"]
[BlackFideId "2209420"]
[WhiteElo "2259"]
[BlackElo "2212"]
[Result "1-0"]
[Round "04"]
[TimeControl "180+1"]
[Date "2022.04.05"]
[WhiteClock "0:00:22"]
[BlackClock "0:00:06"]

1. d4 Nf6 2. Nf3 g6 3. Nc3 Bg7 4. e4 d6 5. h3 O-O 6. Be3 Nc6 7. Bc4 e5 8. dxe5 Nxe5 9. Nxe5 dxe5 10. O-O Qe7 11. Bg5 c6 12. Qf3 Be6 13. Bd3 h6 14. Be3 Nd7 15. a3 Nb6 16. Qe2 Rfd8 17. Rad1 Rd7 18. Rd2 Rad8 19. Rfd1 f5 20. exf5 gxf5 21. Bxb6 axb6 22. Bc4 Rxd2 23. Bxe6+ Qxe6 24. Rxd2 Rxd2 25. Qxd2 e4 26. Qd8+ Kh7 27. Qxb6 f4 28. Qxb7 e3 29. fxe3 Qxe3+ 30. Kf1 Qc1+ 31. Kf2 Qxc2+ 32. Ne2 Qc5+ 33. Kf1 Qc4 34. Qb4 Qxb4 35. axb4 Be5 36. b3 Kg6 37. Kf2 Kf5 38. Kf3 Bd6 39. Nd4+ Kf6 40. Nxc6 h5 41. b5 Ke6 42. b6 Kd7 43. Nd4 Bb8 44. Ne2 Kc6 45. Nxf4 Kxb6 46. Nxh5 1-0


[Site "https://www.chess.com"]

[Event "Titled Tuesday Blitz April 05 Early 2022"]
[White "Rottenwohrer Suarez, Juan"]
[Black "Begunov, Konstantin"]
[WhiteFideId "32068182"]
[BlackFideId "4118510"]
[WhiteElo "2158"]
[BlackElo "2262"]
[Result "1-0"]
[Round "04"]
[TimeControl "180+1"]
[Date "2022.04.05"]
[WhiteClock "0:00:09"]
[BlackClock "0:00:05"]

1. d4 d5 2. c4 c6 3. Nf3 Nf6 4. Nc3 dxc4 5. a4 Bg4 6. Ne5 Bh5 7. f3 Nfd7 8. Nxc4 e5 9. e4 Qh4+ 10. g3 Qf6 11. g4 exd4 12. gxh5 dxc3 13. bxc3 Qh4+ 14. Ke2 Bc5 15. Be3 O-O 16. h6 Bxe3 17. Nxe3 Qxh6 18. Nf5 Qf6 19. Rg1 g6 20. Qd4 Re8 21. Bh3 Kh8 22. Nd6 Re7 23. Nc8 Re5 24. Bxd7 Nxd7 25. Qxd7 Rh5 26. Rg2 Qxc3 27. Rd1 Qc2+ 28. Rd2 Qc4+ 29. Kf2 Qc5+ 30. Kf1 Kg7 31. Ne7 Qc1+ 32. Kf2 Rc5 33. Nf5+ Kh8 34. Qd4+ 1-0


[Site "https://www.chess.com"]

[Event "Titled Tuesday Blitz April 05 Early 2022"]
[White "Rozhkov, Viacheslav"]
[Black "Bas Mas, Jose Joaquin"]
[WhiteFideId "4181484"]
[BlackFideId "22219064"]
[WhiteElo "2324"]
[BlackElo "2212"]
[Result "0-1"]
[Round "04"]
[TimeControl "180+1"]
[Date "2022.04.05"]
[WhiteClock "0:00:04"]
[BlackClock "0:01:15"]

1. e4 c5 2. Nf3 d6 3. d4 cxd4 4. Nxd4 Nf6 5. Nc3 g6 6. Be3 Bg7 7. f3 O-O 8. Qd2 Nc6 9. O-O-O Nxd4 10. Bxd4 Be6 11. h4 Qa5 12. Kb1 Rfc8 13. a3 Rab8 14. h5 b5 15. hxg6 hxg6 16. Bxf6 exf6 17. Nd5 Qxd2 18. Rxd2 Kf8 19. Be2 a5 20. c3 f5 21. Nf4 b4 22. axb4 axb4 23. Nxe6+ fxe6 24. c4 Rb6 25. g4 fxe4 26. fxe4 Ra8 27. Kc2 b3+ 28. Kd3 Ra2 29. Rb1 Be5 30. Bf3 Rb4 31. Rf2 Ke7 32. Be2 Rxb2 33. Rxb2 Bxb2 34. Bd1 Be5 35. Rf1 b2 36. Bc2 Rb6 37. Rb1 Ra6 38. Kd2 Kf6 39. Ke3 Kg5 40. Kf3 Ra3+ 41. Kg2 Kxg4 42. Bd1+ Kf4 43. Bc2 Ra1 44. Rf1+ Ke3 45. Rf3+ Kd2 46. Rf2+ Kc3 0-1


[Site "https://www.chess.com"]